 Dungeon Crawl Stone Soup version 0.27-a0-1196-g3e9cee4cb2 (webtiles) character file.

Game seed: 12687200045171941133

247804 Monsterracer the Warrior (level 18, -6/267 (270) HPs)
             Began as a Minotaur Berserker on May 27, 2021.
             Was the Champion of Trog.
             Mangled by a vampire knight
             ... wielding a +3 war axe of distortion
              (15 damage)
             ... while paralysed by a vampire knight
             ... on level 2 of the Vaults.
             The game lasted 00:54:30 (39857 turns).

Monsterracer the Warrior (Minotaur Berserker)      Turns: 39857, Time: 00:54:31

HP:   -6/267 (270)  AC: 35    Str: 30    XL:     18   Next: 83%
MP:   17/17         EV:  2    Int:  7    God:    Trog [******]
Gold: 369           SH:  0    Dex: 10    Spells: 17/17 levels left

rFire    . . .     SeeInvis .   a - +4 battleaxe (vamp)
rCold    + . .     Faith    .   (shield currently unavailable)
rNeg     . . .     Spirit   .   G - +3 plate armour {rC+}
rPois    .         Reflect  .   Q - +2 hat {Int+3}
rElec    .         Harm     .   u - +2 cloak
rCorr    .         Rampage  .   p - +2 pair of gloves {Stlth+}
Will     +....                  E - +2 pair of boots
Stlth    ..........             c - amulet of regeneration
HPRegen  1.54/turn              M - +4 ring of slaying
MPRegen  0.15/turn              R - +4 ring of slaying

@: paralysed, berserking (expiring), lightly drained
A: horns 2, retaliatory headbutt
}: 2/15 runes: serpentine, barnacled
a: Renounce Religion, Berserk, Trog's Hand, Brothers in Arms


You were on level 2 of the Vaults.
You worshipped Trog.
Trog was exalted by your worship.
You visited 6 branches of the dungeon, and saw 34 of its levels.
You also visited: Ossuary, Bailey and Volcano.

You collected 5392 gold pieces.
You spent 5023 gold pieces at shops.

Inventory:

Hand Weapons
 a - a +4 vampiric battleaxe (weapon)
   (You found it on level 4 of the Dungeon)
Missiles
 k - a throwing net {!f}
Armour
 p - a +2 pair of gloves of stealth (worn)
   (You bought it in a shop on level 4 of the Snake Pit)
 u - a +2 cloak (worn)
   (You found it on level 5 of the Dungeon)
 E - a +2 pair of boots (worn)
   (You found it on level 7 of the Dungeon)
 G - a +3 plate armour of cold resistance (worn)
   (You took it off an orc warlord on level 1 of the Orcish Mines)
 Q - a +2 hat of intelligence (worn)
   (You took it off Gastronok on level 2 of the Lair of Beasts)
Jewellery
 c - an amulet of regeneration (around neck)
   (You bought it in a shop on level 2 of the Orcish Mines)
 g - a ring of willpower
   (You found it on level 2 of the Dungeon)
 z - a ring of protection from fire
   (You bought it in a shop on level 5 of the Dungeon)
 A - a ring of fire
   (You found it on level 3 of the Lair of Beasts)
 C - a ring of protection from cold
   (You bought it in a shop on level 5 of the Dungeon)
 I - a ring of resist corrosion
   (You took it off an orc in a bailey)
 M - a +4 ring of slaying (left hand)
   (You found it on level 1 of the Lair of Beasts)
 P - a ring of poison resistance
   (You bought it in a shop on level 5 of the Dungeon)
 R - a +4 ring of slaying (right hand)
   (You found it on level 4 of the Lair of Beasts)
 S - a ring of see invisible
   (You found it on level 2 of the Lair of Beasts)
Wands
 o - a wand of flame (10)
   (You found it on level 9 of the Dungeon)
 v - a wand of iceblast (38)
   (You found it on level 6 of the Dungeon)
 L - a wand of digging (16)
   (You took it off Sigmund on level 3 of the Dungeon)
 O - a wand of acid (34)
   (You found it on level 2 of the Lair of Beasts)
Scrolls
 b - 4 scrolls of fear {!r}
 f - 12 scrolls of identify
 l - 2 scrolls of enchant armour
 m - 5 scrolls of magic mapping
 s - a scroll of summoning {!r}
 t - 19 scrolls of teleportation {!r}
 D - 5 scrolls of fog {!r}
 H - a scroll of silence
 N - 6 scrolls of noise
 X - 3 scrolls of blinking
Potions
 d - 8 potions of heal wounds
 e - 15 potions of curing
 h - 7 potions of haste
 i - 12 potions of mutation {!q}
 j - 10 potions of might
 n - a potion of cancellation
 q - 2 potions of ambrosia {!q}
 r - 4 potions of attraction
 w - 2 potions of magic
 x - 2 potions of resistance
 y - 4 potions of berserk rage {!q}
 B - 4 potions of lignification
 F - 5 potions of invisibility
 W - 9 potions of flight


   Skills:
 * Level 20.6 Fighting
 - Level 20.0 Axes
 + Level 19.2 Armour
 - Level 10.0 Dodging
 - Level 15.0 Shields
 - Level 6.0 Evocations


You had 17 spell levels left.
You didn't know any spells.
Your spell library was empty.

Dungeon Overview and Level Annotations

Branches:
Dungeon (15/15) Temple (0/1) D:6 Lair (6/6) D:9 Shoals (4/4) Lair:3 Snake (4/4) Lair:4 Slime (0/5) Lair:6 Orc (2/2) D:12 Elf (0/3) Orc:1 Orc:2 Vaults (3/5) D:13 Crypt (0/3) Vaults:3 Depths (0/5) D:15 Ossuary (visited) Bailey (visited) Volcano (visited)

Altars:
Dithmenos
Hepliaklqana
Makhleb
Okawaru
Ru
Sif Muna
Vehumet
Wu Jian
Yredelemnul
Zin
Beogh

Shops:
D:5 =   D:8 (   Orc:2 (((=   Shoals:2 [   Snake:1 ?!?   Snake:2 ?   Snake:3 ((
Snake:4 [*

Portals:
Trove: D:13 (give 7 scrolls of fog)

Annotations:
Vaults:2 Margery


Innate Abilities, Weirdness & Mutations

You have a pair of horns on your head.
You reflexively headbutt those who attack you in melee.


Message History

Trog accepts your kill.
You hit the skeletal warrior. You hit the skeletal warrior.
You headbutt the skeletal warrior!
You destroy the skeletal warrior!
Trog accepts your kill.
No target in view!
You start resting.
You feel a strong urge to attack something.
You start resting.
You feel your anger nearly subside.
You are no longer berserk.
You are exhausted.
You feel yourself slow down.
Unknown command.
You start resting.
HP restored.
You start waiting.
You feel yourself speed up.
Unknown command.
You now have 178/178 hp.
Unknown command.
You start waiting.
You recover from your berserk rage.
You climb downwards.
Level annotation: Margery The vampire knight gestures wildly while chanting.
The vampire knight seems to speed up.
The necromancer mumbles some strange words.
The necromancer binds the souls of nearby monsters.
The vampire knight barely misses you.
The vampire knight bites you but does no damage.
There is a stone staircase leading up, spattered with blood here.
The vampire knight hits you with a +3 war axe of distortion!
Space warps horribly around you!
The vampire knight bites you but does no damage.
You take 22 damage, and have 156/178 hp.
The vampire knight closely misses you.
The vampire knight completely misses you.
Margery hits you but does no damage.
The vampire knight hits you with a +3 war axe of distortion!
Space warps horribly around you!!
The vampire knight bites you but does no damage.
You climb upwards.
There is a stone staircase leading down, spattered with blood here.
You take 34 damage, and have 122/178 hp.
Unknown command.
Unknown command.
A red film seems to cover your vision as you go berserk!
You feel yourself moving faster!
You feel mighty!
The vampire knight hits you but does no damage.
Space bends around you.
The vampire knight bites you but does no damage.
Margery hits you but does no damage.
You now have 181/267 hp.
You barely miss Margery. You closely miss the vampire knight.
The vampire knight hits you with a +3 war axe of distortion.
Space bends around you. The vampire knight bites you.
The vampire knight draws strength from your injuries!
You take 14 damage, and have 167/267 hp.
You closely miss Margery. You headbutt Margery!
Margery is lightly wounded.
You slash the vampire knight!
Unknown command.
You hit Margery.
You feel better.
You headbutt Margery!!
Margery is moderately wounded.
You hit the vampire knight. Margery hits you with a +1 demon blade!
The vampire knight casts a spell at you.
You suddenly lose the ability to move!
The vampire knight hits you but does no damage.
Space bends around you.
The vampire knight bites you but does no damage.
Margery hits you with a +1 demon blade! The vampire knight barely misses you.
The vampire knight bites you but does no damage.
The vampire knight hits you but does no damage.
The vampire knight bites you.
The vampire knight draws strength from your injuries!
Margery gestures at you while chanting. The bolt of fire hits you!!!!
* * * LOW HITPOINT WARNING * * *
The vampire knight hits you with a +3 war axe of distortion!
* * * LOW HITPOINT WARNING * * *
You blink.
The vampire knight hits you with a +3 war axe of distortion!!
* * * LOW HITPOINT WARNING * * *
The vampire knight bites you!
* * * LOW HITPOINT WARNING * * *
The vampire knight draws strength from your injuries!
The vampire knight casts a spell at you.
You shrug off the repeated paralysis!
The vampire knight hits you with a +3 war axe of distortion!
* * * LOW HITPOINT WARNING * * *
Space warps horribly around you!
* * * LOW HITPOINT WARNING * * *
The vampire knight bites you but does no damage.
Margery hits you but does no damage.
The vampire knight hits you with a +3 war axe of distortion.
* * * LOW HITPOINT WARNING * * *
Space warps horribly around you!
You die...

####################
....................
....................
....................
....................
#######+############
#.......# #.......#
#..@[...# #..@V>..#
#.......# #.......#
#########


You could see Margery (soul bound) and a vampire knight (fast).

Vanquished Creatures
  Jorgrun (Orc:2)
  Rupert (D:12)
  Polyphemus (Shoals:3)
  Agnes (D:15)
  Kirke (Lair:4)
  6 nagarajas (Snake:2 Snake:4)
  Donald (Snake:1)
  Ilsuiw (Shoals:4)
  2 vault wardens (Vaults:1 Vaults:2)
  An orc warlord (Orc:1)
  3 ironbound preservers (D:13 Vaults:1)
  A stone giant (Vaults:3)
  Nessos (D:14)
  Azrael (Snake:1)
  6 merfolk javelineers (Shoals:3 Shoals:4)
  A great orb of eyes (Vaults:1)
  4 merfolk impalers (Shoals:4)
  4 merfolk avatars (Shoals:1 Shoals:2 Shoals:4)
  2 boulder beetles (Lair:3 D:13)
  3 salamander tyrants (Snake:2 Snake:4)
  2 ironbound frosthearts (Vaults:1 Vaults:2)
  3 catoblepae (D:13 D:15 Shoals:2)
  8 centaur warriors (D:13 Vaults:1)
  8 hydras (Lair:1 Lair:2 Lair:6 Lair:5 D:12)
  7 naga warriors (Snake:2 Snake:3 Snake:4)
  5 merfolk aquamancers (Shoals:1 Shoals:4 Shoals:3)
  8 anacondas (Snake:1 Snake:2 Snake:4)
  A vault guard (Vaults:2)
  An ogre mage (Volcano)
  3 death knights (D:13 D:15)
  10 two-headed ogres (Volcano D:11 D:13)
  An alligator snapping turtle (Shoals:4)
  10 death yaks (Lair:6 Shoals:3 Shoals:2)
  16 naga sharpshooters (Snake:2 Snake:3 Snake:4)
  8 orc high priests (Orc:2)
  3 tengu warriors (D:13 D:15)
  2 hell knights (Volcano D:15)
  9 shock serpents (Snake:1 Snake:2 Snake:3 Snake:4)
  A salamander mystic (Snake:4)
  3 skeletal warriors (D:13 D:15 Vaults:2)
  8 sea snakes (Snake:1 Shoals:1 Shoals:3 Shoals:4)
  5 deep trolls (Vaults:1)
  A kraken simulacrum (Shoals:4)
  10 naga ritualists (Snake:1 Snake:2 Snake:3 Snake:4)
  3 ironbound convokers (Vaults:1 Vaults:2)
  4 wizards (D:15 Vaults:1 Vaults:2)
  A lindwurm (Lair:6)
  A necromancer (D:15)
  12 harpies (Shoals:2 Shoals:4)
  3 orc knights (Bailey)
  5 deep elf pyromancers (D:13 D:15 D:14)
  9 mana vipers (Snake:1 Snake:2 Snake:4)
  2 orc sorcerers (Orc:2 Vaults:1)
  6 cyclopes (D:13 D:15 Shoals:2 Shoals:1)
  10 manticores (D:11 D:13 D:15 D:14 Shoals:1)
  A faun (Shoals:2)
  9 elephants (Lair:1 Lair:6)
  7 ugly things (D:12 D:13 Vaults:2)
  A faun (shapeshifter) (D:15)
  7 salamanders (Snake:2 Snake:3 Snake:4)
  An oklob plant (Lair:4)
  7 centaur zombies (D:6 Ossuary D:8 D:9 D:10)
  51 black mambas (Lair:1 Lair:2 Lair:3 Lair:4 Lair:6)
  16 naga magi (Snake:2 Snake:3 Snake:4)
  2 guardian serpents (Lair:4 Snake:4)
  A vault sentinel (Vaults:2)
  7 water nymphs (Shoals:2 Shoals:4 Shoals:3)
  5 merfolk sirens (Shoals:4)
  3 unseen horrors (D:12 D:13)
  26 cane toads (Lair:1 Lair:2 Lair:3 Lair:4 Lair:6)
  4 rime drakes (Lair:4 Lair:6 Lair:5)
  7 freezing wraiths (D:15 Vaults:2)
  17 komodo dragons (D:7 Lair:1 Lair:3 Lair:6 Lair:5)
  An efreet (D:13)
  4 polar bears (Lair:1 Lair:3 Lair:4 Lair:5)
  20 merfolk (Shoals:2 Shoals:3 Shoals:4)
  2 hornets (D:7 D:10)
  6 trolls (D:11 D:12 Orc:1 Orc:2)
  3 tyrant leeches (Lair:6)
  10 dream sheep (Shoals:2 Shoals:1)
  6 wind drakes (Shoals:4 Shoals:3)
  Prince Ribbit (D:5)
  30 blink frogs (Lair:2 Lair:3 Lair:4 Lair:6 Lair:5)
  7 snapping turtles (Shoals:1 Shoals:2 Shoals:4 Shoals:3)
  11 slime creatures (D:12 D:13 D:15)
  A meliai zombie (D:11)
  Sigmund (D:3)
  2 centaur simulacra (D:13)
  3 spriggans (Lair:6)
  4 wyverns (D:9 Lair:1 Lair:4 D:10)
  10 water elementals (Shoals:1 Shoals:2 Shoals:4 Shoals:3)
  4 fire elementals (Snake:1)
  A human (shapeshifter) (D:13)
  A human (D:9)
  45 yaks (D:9 D:10 Lair:1 Lair:2 Lair:4)
  2 wraiths (D:13 D:15)
  3 hogs (Lair:4)
  6 steam dragons (D:7 D:9 Lair:3 Lair:5)
  12 vampire mosquitoes (Lair:6 D:12 D:13 D:15)
  3 basilisks (D:9 Lair:2 D:13)
  6 wargs (Orc:1 Orc:2)
  54 nagas (Snake:1 Snake:2 Snake:3 Snake:4)
  18 water moccasins (Lair:1 Lair:2 Lair:3 Lair:4 Lair:6)
  An acid dragon (Lair:5)
  2 hell hounds (Snake:1)
  26 orc warriors (D:8 D:9 Bailey Orc:1 Orc:2)
  2 swamp drakes (Lair:5)
  7 black bears (D:7 D:9 Lair:1)
  6 ogres (D:5 D:6 D:7 Orc:1 Orc:2)
  2 necrophages (D:6 D:8)
  6 boggarts (D:14 Vaults:1)
  8 centaurs (Lair:3 D:10 D:11 D:12 D:13)
  10 wolves (Lair:2 Lair:4 Lair:6)
  An elf zombie (Ossuary)
  A kobold brigand (D:8)
  A wyvern zombie (D:8)
  A gnoll sergeant (D:9)
  29 bullfrogs (D:6 D:7 Lair:1 Lair:3 Lair:4)
  4 scorpions (D:4 D:5)
  2 water moccasin skeletons (D:5 D:6)
  5 killer bees (D:9)
  8 wights (D:9 D:10)
  9 howler monkeys (D:7 D:11 D:12)
  3 electric eels (Lair:6 Snake:1)
  A centaur skeleton (D:7)
  A hound (D:5)
  33 orc priests (D:3 D:8 Orc:1 Orc:2)
  A gnoll shaman (D:9)
  A human zombie (Ossuary)
  4 jellies (D:5 D:7 D:8)
  A bullfrog skeleton (D:5)
  An iguana (D:5)
  8 orc wizards (D:8 D:10 Orc:1 Orc:2)
  5 hell rats (Lair:1)
  A hound skeleton (D:4)
  2 mummies (Ossuary)
  Robin (D:2)
  25 gnolls (D:7 D:9 Bailey)
  5 adders (D:2 D:4)
  2 white imps (D:5 D:7)
  An ufetubus (D:4)
  An adder skeleton (D:4)
  3 worms (D:2 D:4 D:12)
  3 dart slugs (D:1 D:3)
  76 orcs (D:3 D:4 D:8 D:9 D:10)
  5 ball pythons (D:1 D:2 D:3)
  3 bats (D:1 D:2)
  6 endoplasms (D:1 D:2 D:4)
  6 giant cockroaches (D:1 D:2 D:3 D:4)
  39 goblins (D:1 D:2 D:3 D:10 Bailey)
  25 hobgoblins (D:1 D:2 D:3 D:4 Bailey)
  3 quokkas (D:2 D:3 D:5)
  A frilled lizard (D:2)
  3 goblin zombies (Ossuary D:9)
  12 hobgoblin zombies (Ossuary)
  A jackal skeleton (D:4)
  2 jackal zombies (Ossuary)
  12 kobolds (D:1 D:3 D:4 D:8)
  14 kobold zombies (Ossuary D:9)
  3 orc zombies (Ossuary)
  5 rats (D:1 D:2)
  A rat zombie (Ossuary)
1131 creatures vanquished.

Vanquished Creatures (collateral kills)
  Gastronok (Lair:2)
  An orc warlord (Bailey)
  A hydra (Lair:2)
  A merfolk aquamancer (Shoals:4)
  A manticore (Shoals:4)
  2 merfolk (Shoals:4)
  An orc warrior (Bailey)
  An orc (Bailey)
  A goblin (Bailey)
  A hobgoblin (Bailey)
11 creatures vanquished.

Vanquished Creatures (others)
  A merfolk avatar (Shoals:4)
  A human (Lair:4)
  A naga (Snake:4)
  A gnoll sergeant (D:7)
  33 fungi (Lair:1 Lair:2 Lair:4 Lair:6 Lair:5)
  206 plants (Lair:1 Lair:2 Lair:3 Lair:4 Lair:6)
  4 tentacles (Shoals:4)
247 creatures vanquished.

Grand Total: 1389 creatures vanquished

Notes
Turn   | Place    | Note
-------+----------+-------------------------------------------
     0 | D:1      | Monsterracer the Minotaur Berserker began the quest for the
                  | Orb.
     0 | D:1      | Reached XP level 1. HP: 19/19 MP: 0/0
   220 | D:1      | Found Fivvuaq's Distillery.
   226 | D:1      | Reached XP level 2. HP: 24/27 MP: 1/1
   536 | D:1      | Reached ** piety under Trog
   574 | D:1      | Found a faded altar of an unknown god.
   763 | D:1      | Reached XP level 3. HP: 33/33 MP: 2/2
  1017 | D:2      | Reached skill level 5 in Axes
  1120 | D:2      | Reached XP level 4. HP: 41/41 MP: 3/3
  1494 | D:2      | Noticed Robin
  1530 | D:2      | Killed Robin
  2067 | D:1      | Bought 2 potions of curing for 66 gold pieces
  2140 | D:3      | Noticed Sigmund
  2145 | D:3      | Killed Sigmund
  2146 | D:3      | Reached skill level 5 in Fighting
  2146 | D:3      | Reached XP level 5. HP: 48/48 MP: 4/4
  2146 | D:3      | Reached XP level 6. HP: 56/56 MP: 5/5
  2389 | D:3      | Reached *** piety under Trog
  2602 | D:3      | You fall into a shaft and drop 1 floor!
  4119 | D:1      | Bought a potion of might for 44 gold pieces
  4119 | D:1      | Bought a potion of ambrosia for 88 gold pieces
  4119 | D:1      | Bought 2 potions of flight for 66 gold pieces
  4296 | D:5      | Entered Level 5 of the Dungeon
  4386 | D:5      | Reached XP level 7. HP: 59/60 MP: 6/6
  4530 | D:5      | Found Modeo's Jewellery Shoppe.
  4625 | D:5      | Noticed Prince Ribbit
  4641 | D:5      | Killed Prince Ribbit
  4839 | D:5      | Reached XP level 8. HP: 53/71 MP: 7/7
  5043 | D:5      | Identified the +0 scale mail of the Sparrow {rN++ Int+2
                  | Stlth-}
  5187 | D:6      | Reached skill level 10 in Axes
  5187 | D:6      | Reached skill level 5 in Armour
  5497 | D:6      | Found a staircase to the Ecumenical Temple.
  5802 | D:7      | Noticed a hornet
  5806 | D:7      | Killed a hornet
  5807 | D:7      | Reached skill level 1 in Shields
  5970 | D:7      | Found an ornate altar of the Wu Jian Council.
  5977 | D:7      | Found a shimmering blue altar of Sif Muna.
  5977 | D:7      | Found a hazy altar of Hepliaklqana.
  5977 | D:7      | Found a glowing silver altar of Zin.
  6053 | D:7      | Reached XP level 9. HP: 79/81 MP: 8/8
  6092 | D:7      | Found a sand-covered staircase.
  6097 | Ossuary  | Entered an ossuary
  6134 | Ossuary  | Reached **** piety under Trog
  6308 | D:7      | Identified the +8 dagger "Galuf" {speed, Int+3 Dex+5}
  6392 | D:7      | Noticed a komodo dragon
  6401 | D:7      | HP: 52/123 [komodo dragon (22)]
  6403 | D:7      | Killed a komodo dragon
  6406 | D:7      | HP: 59/123 [poisoned by a gnoll]
  6419 | D:7      | Reached skill level 5 in Shields
  6865 | D:8      | Reached ***** piety under Trog
  6927 | D:8      | Found Hack's Antique Weapon Shop.
  7605 | D:9      | Reached XP level 10. HP: 64/91 MP: 9/9
  7672 | D:9      | Found a staircase to the Lair.
  8043 | D:9      | Found a runed translucent door.
  8047 | D:9      | Found a basalt altar of Yredelemnul.
  8164 | D:10     | Entered Level 10 of the Dungeon
  8196 | D:10     | Found a flagged portal.
  8210 | Bailey   | Entered a bailey
  8339 | Bailey   | Noticed an orc knight
  8363 | Bailey   | Reached ****** piety under Trog
  8366 | Bailey   | Received a gift from Trog
  8374 | Bailey   | Killed an orc knight
  8375 | Bailey   | Reached skill level 10 in Fighting
  8489 | Bailey   | Reached XP level 11. HP: 92/99 MP: 10/10
  8499 | Bailey   | Noticed an orc knight
  8513 | Bailey   | HP: 70/148 [orc knight/+0 battleaxe (13)]
  8517 | Bailey   | Killed an orc knight
  8519 | Bailey   | HP: 49/148 [goblin/+0 war axe (7)]
  8555 | Bailey   | Noticed an orc warlord
  8562 | Bailey   | HP: 29/99 [orc warlord/+0 bardiche (25)]
  8564 | Bailey   | HP: 13/99 [orc warlord/+0 bardiche (16)]
  8568 | Bailey   | Killed an orc warlord
  8680 | Bailey   | Noticed an orc knight
  8701 | Bailey   | Killed an orc knight
  8759 | Bailey   | Identified 2 scrolls of acquirement
  8759 | Bailey   | Acquired 1096 gold pieces
  8761 | Bailey   | Acquired the amulet "Bejygg" {Spirit Will+}
  9154 | D:1      | Bought a potion of curing for 33 gold pieces
  9154 | D:1      | Bought a potion of curing for 33 gold pieces
  9154 | D:1      | Bought a potion of berserk rage for 55 gold pieces
  9154 | D:1      | Bought a potion of mutation for 88 gold pieces
  9154 | D:1      | Bought a potion of curing for 33 gold pieces
  9154 | D:1      | Bought a potion of mutation for 88 gold pieces
  9288 | D:5      | Bought a ring of poison resistance for 280 gold pieces
  9292 | D:5      | Bought a ring of protection from cold for 350 gold pieces
  9292 | D:5      | Bought a ring of protection from fire for 350 gold pieces
  9387 | Lair:1   | Entered Level 1 of the Lair of Beasts
  9428 | Lair:1   | Reached skill level 10 in Shields
  9681 | Lair:1   | Noticed a six-headed hydra
  9689 | Lair:1   | Killed a nine-headed hydra
 10041 | Lair:1   | Reached XP level 12. HP: 110/110 MP: 9/11
 10387 | Lair:1   | Received a gift from Trog
 10681 | Lair:2   | Noticed a four-headed hydra
 10691 | Lair:2   | Reached skill level 10 in Armour
 10695 | Lair:2   | Killed a nine-headed hydra
 10788 | Lair:2   | Reached skill level 15 in Axes
 10909 | Lair:2   | Noticed Gastronok
 10919 | Lair:2   | Killed Gastronok
 10992 | Lair:2   | Noticed an eight-headed hydra
 10998 | Lair:2   | Killed an eight-headed hydra
 11001 | Lair:2   | Found a dark tunnel.
 11012 | Volcano  | Entered a volcano
 11028 | Volcano  | Noticed an ogre mage
 11031 | Volcano  | Found a burning altar of Makhleb.
 11032 | Volcano  | Noticed a two-headed ogre
 11033 | Volcano  | Noticed a two-headed ogre
 11033 | Volcano  | Noticed a two-headed ogre
 11038 | Volcano  | Killed a two-headed ogre
 11040 | Volcano  | Killed an ogre mage
 11043 | Volcano  | Killed a two-headed ogre
 11046 | Volcano  | Killed a two-headed ogre
 11082 | Volcano  | Noticed a two-headed ogre
 11093 | Volcano  | Killed a two-headed ogre
 11126 | Volcano  | Noticed a two-headed ogre
 11126 | Volcano  | Noticed a two-headed ogre
 11138 | Volcano  | Killed a two-headed ogre
 11139 | Volcano  | Killed a two-headed ogre
 11815 | Lair:3   | Noticed a boulder beetle
 11836 | Lair:3   | Killed a boulder beetle
 11837 | Lair:3   | Reached XP level 13. HP: 115/118 MP: 9/12
 12694 | Lair:3   | Found a staircase to the Shoals.
 13679 | Lair:4   | Found a staircase to the Snake Pit.
 13690 | Lair:4   | Noticed Kirke
 13706 | Lair:4   | Killed Kirke
 13842 | Lair:4   | You fall into a shaft and drop 2 floors!
 13842 | Lair:6   | Entered Level 6 of the Lair of Beasts
 13842 | Lair:6   | Found a staircase to the Slime Pits.
 13960 | Lair:6   | Reached skill level 5 in Dodging
 14308 | Lair:6   | Reached XP level 14. HP: 104/127 MP: 10/13
 14388 | Lair:6   | HP: 61/129 [tyrant leech (8)]
 14399 | Lair:6   | HP: 59/129 [vampire mosquito (1)]
 14404 | Lair:6   | HP: 58/129 [lindwurm/blast of flame (1)]
 14516 | Lair:6   | Identified the +7 hand axe of Lumogexeji {flame, Contam
                  | *Noise rPois rN+++} (Trog gifted it to you on level 6 of
                  | the Lair of Beasts)
 14516 | Lair:6   | Received a gift from Trog
 14529 | Lair:6   | Found a radiant altar of Vehumet.
 15636 | Lair:5   | Identified the +9 trident of Brawling {venom, rC+ rN+}
 17520 | Snake:1  | Entered Level 1 of the Snake Pit
 17532 | Snake:1  | Received a gift from Trog
 18241 | Snake:1  | Found Qapeor's Magic Scroll Shop.
 18243 | Snake:1  | Found Ziloin's Distillery.
 18245 | Snake:1  | Found Gobubauq's Magic Scroll Shop.
 18251 | Snake:1  | Bought a scroll of teleportation for 45 gold pieces
 18251 | Snake:1  | Bought a scroll of enchant weapon for 112 gold pieces
 18251 | Snake:1  | Bought a scroll of fear for 52 gold pieces
 18251 | Snake:1  | Bought a scroll of enchant weapon for 112 gold pieces
 18251 | Snake:1  | Bought a scroll of teleportation for 45 gold pieces
 18251 | Snake:1  | Bought a scroll of fear for 52 gold pieces
 18251 | Snake:1  | Bought a scroll of blinking for 112 gold pieces
 18251 | Snake:1  | Bought 3 scrolls of enchant armour for 337 gold pieces
 18251 | Snake:1  | Bought a scroll of teleportation for 45 gold pieces
 18283 | Snake:1  | Noticed Azrael
 18295 | Snake:1  | Killed Azrael
 18384 | Snake:1  | Noticed Donald
 18391 | Snake:1  | Killed Donald
 18392 | Snake:1  | Reached skill level 1 in Evocations
 18411 | Snake:1  | Identified the +8 falchion of the Seer {protect, SInv}
 18463 | Snake:1  | Reached XP level 15. HP: 128/137 MP: 10/14
 18640 | Snake:1  | HP: 67/137 [poisoned by a black mamba]
 18645 | Snake:1  | HP: 63/137 [poisoned by a black mamba]
 18930 | Snake:1  | HP: 60/137 [poisoned by a sea snake]
 19867 | Snake:2  | Found Dudwehur's Magic Scroll Shop.
 19872 | Snake:2  | Bought a scroll of magic mapping for 35 gold pieces
 19872 | Snake:2  | Bought a scroll of magic mapping for 35 gold pieces
 19872 | Snake:2  | Bought a scroll of fog for 20 gold pieces
 19872 | Snake:2  | Bought a scroll of fear for 35 gold pieces
 20781 | Snake:3  | Noticed a nagaraja
 21100 | Snake:2  | Killed a nagaraja
 21101 | Snake:2  | Reached skill level 15 in Shields
 21101 | Snake:2  | HP: 102/207 [poisoned by a nagaraja (bolt of poison)]
 21106 | Snake:2  | HP: 56/138 [poisoned by a nagaraja (bolt of poison)]
 21454 | Snake:2  | Received a gift from Trog
 21510 | Snake:3  | HP: 60/139 [naga warrior/+0 battleaxe (23)]
 21516 | Snake:3  | HP: 78/208 [naga warrior/splash of poison (3)]
 21521 | Snake:3  | HP: 45/208 [naga warrior/+0 battleaxe (11)]
 22760 | Snake:3  | HP: 59/138 [naga sharpshooter/bolt (21)]
 24078 | Snake:3  | Found Vorroo's Antique Weapon Boutique.
 24246 | Snake:3  | HP: 67/139 [naga sharpshooter/bolt (4)]
 24841 | D:10     | Found a sacrificial altar of Ru.
 24841 | D:10     | Found a shadowy altar of Dithmenos.
 24842 | D:10     | Found a burning altar of Makhleb.
 25282 | D:11     | Identified the +5 hand axe of Imbalance {pain, Dex+4}
 25539 | D:11     | Reached XP level 16. HP: 145/147 MP: 13/15
 26211 | D:12     | Found a staircase to the Orcish Mines.
 26254 | D:12     | Noticed Rupert
 26261 | D:12     | Noticed Sonja
 26268 | D:12     | Killed Rupert
 26280 | D:12     | Noticed Sonja
 26280 | D:12     | Sonja changed into Sonja the worm
 26283 | D:12     | Killed Sonja the worm
 26794 | D:13     | Found a portal to a secret trove of treasure.
 27030 | D:13     | Received a gift from Trog
 27081 | Orc:1    | Entered Level 1 of the Orcish Mines
 27579 | Orc:2    | Entered Level 2 of the Orcish Mines
 27579 | Orc:2    | Found a staircase to the Elven Halls.
 27633 | Orc:2    | Reached skill level 15 in Fighting
 27699 | Orc:2    | HP: 74/149 [orc warrior/+0 glaive[an orc warlord] (16)]
 27705 | Orc:2    | HP: 56/149 [orc warrior/+0 glaive[an orc warlord] (6)]
 27712 | Orc:2    | HP: 38/149 [orc warrior/+0 glaive[an orc warlord] (17)]
 27717 | Orc:2    | HP: 15/149 [orc priest/divine providence (13)]
 28255 | Orc:1    | Found an iron altar of Okawaru.
 28612 | Orc:2    | Reached skill level 5 in Evocations
 28613 | Orc:2    | HP: 70/149 [orc priest/divine providence (9)]
 28616 | Orc:2    | HP: 34/143 [soul eater/drain life[an orc high priest] (17)]
 28915 | Orc:2    | Found Notuuba's Antique Weapon Emporium.
 28915 | Orc:2    | Found Rasit's Jewellery Shop.
 29167 | Orc:2    | Received a gift from Trog
 29180 | Orc:2    | Reached skill level 10 in Dodging
 29195 | Orc:2    | Found Jirhescha's Weapon Emporium.
 29195 | Orc:2    | Found Gegodim's Antique Weapon Shop.
 29212 | Orc:2    | Noticed Jorgrun
 29231 | Orc:2    | Killed Jorgrun
 29632 | D:13     | Found a gate to the Vaults.
 29943 | D:13     | Reached skill level 15 in Armour
 30199 | D:14     | You fall into a shaft and drop 1 floor!
 30199 | D:15     | Entered Level 15 of the Dungeon
 30236 | D:15     | Found a staircase to the Depths.
 30263 | D:15     | Received a gift from Trog
 30284 | D:15     | HP: 111/226 [mirror damage (16)]
 30305 | D:15     | HP: 70/151 [nine-headed hydra (9)]
 30657 | D:15     | HP: 73/151 [tengu warrior/bolt (10)]
 30666 | D:15     | HP: 70/151 [manticore (6)]
 30951 | D:15     | Noticed Agnes
 30966 | D:15     | Killed Agnes
 31319 | D:15     | Reached XP level 17. HP: 159/159 MP: 16/16
 31519 | D:15     | Found an ornate altar of the Wu Jian Council.
 32227 | D:14     | Noticed Nessos
 32234 | D:14     | Killed Nessos
 32778 | Snake:1  | Bought a scroll of teleportation for 33 gold pieces
 32778 | Snake:1  | Bought a scroll of enchant weapon for 82 gold pieces
 32778 | Snake:1  | Bought a scroll of magic mapping for 38 gold pieces
 32781 | Snake:1  | Bought a potion of might for 60 gold pieces
 32781 | Snake:1  | Bought a potion of might for 60 gold pieces
 32781 | Snake:1  | Bought a potion of heal wounds for 75 gold pieces
 32781 | Snake:1  | Bought a potion of mutation for 120 gold pieces
 32783 | Snake:1  | Bought a scroll of acquirement for 780 gold pieces
 32783 | Snake:1  | Acquired 961 gold pieces
 33110 | Snake:3  | Found Tiohiruu's Weapon Shoppe.
 33263 | Snake:4  | Entered Level 4 of the Snake Pit
 33640 | Snake:4  | HP: 77/160 [naga warrior/+0 scimitar (11)]
 33647 | Snake:4  | HP: 111/240 [naga/+0 flail (1)]
 33652 | Snake:4  | HP: 113/240 [poisoned by a naga mage (bolt of poison)]
 33657 | Snake:4  | HP: 56/160 [poisoned by a naga mage (bolt of poison)]
 33997 | Snake:4  | Received a gift from Trog
 34024 | Snake:4  | Found Bout Doifi's Antique Armour Emporium.
 34137 | Snake:4  | Bought a pair of runed gloves for 225 gold pieces
 34416 | Snake:4  | Found Cepnaar's Mayhem Merchandise.
 34678 | Snake:4  | HP: 81/162 [poisoned by a nagaraja (bolt of poison)]
 34683 | Snake:4  | HP: 73/162 [poisoned by a nagaraja (bolt of poison)]
 34688 | Snake:4  | HP: 70/162 [poisoned by a nagaraja (bolt of poison)]
 34712 | Snake:4  | HP: 116/243 [nagaraja/splash of poison (2)]
 35787 | Snake:4  | Got a serpentine rune of Zot
 36122 | Vaults:1 | Entered Level 1 of the Vaults
 36296 | Vaults:1 | Received a gift from Trog
 36570 | Shoals:1 | Entered Level 1 of the Shoals
 36716 | Shoals:2 | Reached XP level 18. HP: 157/173 MP: 14/17
 37033 | Shoals:2 | Found Geogodoh's Antique Armour Emporium.
 37043 | Shoals:2 | Bought a steaming chain mail for 399 gold pieces
 37043 | Shoals:2 | Identified the +0 chain mail "Xeuttou" {rPois rF+ Int+2
                  | Dex+2} (You bought it in a shop on level 2 of the Shoals)
 37280 | Shoals:3 | Noticed Polyphemus
 37288 | Shoals:3 | Killed Polyphemus
 37426 | Shoals:4 | Entered Level 4 of the Shoals
 37482 | Shoals:4 | Received a gift from Trog
 37625 | Shoals:4 | Noticed Ilsuiw
 37653 | Shoals:4 | Killed Ilsuiw
 37750 | Shoals:4 | Identified the +8 fustibalus of Dusch {venom, rElec rPois
                  | rF+}
 37776 | Shoals:4 | Identified the +11 quarterstaff of World's End {speed,
                  | +Blink +Rage Will- Str+2}
 38016 | Shoals:4 | HP: 73/178 [merfolk aquamancer/shard of ice (30)]
 38019 | Shoals:3 | HP: 29/178 [satyr/arrow (11)]
 38025 | Shoals:3 | HP: 32/178 [faun/sling bullet[a satyr] (5)]
 38029 | Shoals:3 | HP: 14/178 [sea snake (8)]
 38034 | Shoals:3 | HP: 7/178 [poisoned by a sea snake]
 38039 | Shoals:3 | HP: 7/178 [poisoned by a sea snake]
 38067 | Shoals:3 | HP: 38/178 [merfolk/boomerang (6)]
 38074 | Shoals:3 | HP: 31/178 [merfolk/+0 trident (6)]
 38103 | Shoals:3 | HP: 54/178 [drowned by a water nymph (11)]
 38106 | Shoals:3 | Identified the +6 hand axe of Floods {vorpal, +Blink rPois
                  | rC+ Dex+2} (Trog gifted it to you on level 3 of the Shoals)
 38106 | Shoals:3 | Received a gift from Trog
 38560 | Shoals:4 | HP: 84/178 [merfolk javelineer/javelin (20)]
 38573 | Shoals:4 | HP: 53/178 [merfolk javelineer/javelin (7)]
 38575 | Shoals:4 | HP: 19/178 [merfolk javelineer/javelin (17)]
 38582 | Shoals:4 | HP: 28/267 [merfolk javelineer/javelin (17)]
 38992 | Shoals:4 | Got a barnacled rune of Zot
 39285 | Orc:2    | Bought an amulet of regeneration for 540 gold pieces
 39692 | Vaults:3 | Found a staircase to the Crypt.
 39692 | Vaults:3 | Noticed Margery
 39697 | Vaults:3 | HP: 83/176 [necromancer/bolt of negative energy[Margery]
                  | (10)]
 39703 | Vaults:3 | HP: 47/176 [???[Margery] (44)]
 39851 | Vaults:2 | Paralysed by a vampire knight for 7 turns
 39853 | Vaults:2 | HP: 72/267 [Margery/bolt of fire (74)]
 39855 | Vaults:2 | HP: 31/267 [vampire knight/+3 war axe of distortion (9)]
 39856 | Vaults:2 | HP: 12/267 [vampire knight/+3 war axe of distortion (14)]
 39857 | Vaults:2 | Mangled by a vampire knight

Illustrated notes

Levels and vault maps discovered:
D:1:      ncdulo_lavacross, layout_loops_ring, basic_ecumenical_altar,
          serial_shops, nicolae_shop_crystal, chequers_arboretum
D:2:      layout_basic, uniq_robin
D:3:      layout_loops_ring, uniq_sigmund
D:4:      layout_basic, minmay_diced_spiral
D:5:      layout_rooms, serial_shops, nicolae_shop_crystal, uniq_prince_ribbit1
D:6:      layout_basic, minmay_temple_entry_statues_fountains, serial_glass,
          glass_columns_a, glass_columns_c
D:7:      layout_rooms, minitemple, enter_ossuary_2
D:8:      layout_cave_pools, serial_shops, nicolae_shop_statue_plus,
          st_stairs_8, hangedman_abyss_or_decor_slice
D:9:      layout_small_grid, dk_yredelemnul_ordeal, david_lair_generic
D:10:     minmay_spotlight, layout_rooms,
          chequers_temple_overflow_statue_of_worship, enter_bailey_3
D:11:     layout_irregular_city
D:12:     layout_long_grid, orc_0_dummy, uniq_rupert, uniq_sonja
D:13:     layout_big_octagon, skrybe_vaults_entry_preservation,
          nicolae_trove_entry_columns, minmay_shattered_shrine
D:14:     layout_irregular_city, item_on_display_a, uniq_nessos
D:15:     hangedman_depths_entry_civil_slaughter, layout_irregular_city,
          nzn_wu_jian_council_hall, uniq_agnes
Lair:1:   layout_small_grid, beast_lair_carwin_9
Lair:2:   layout_gridlike, nicolae_volcano_entry_hallway, uniq_gastronok
Lair:3:   layout_cave_pods, minmay_shoals_entry_centaurs, grunt_megastairs_4
Lair:4:   layout_hall_layers, minmay_snake_entry_spellcaster,
          lemuel_fruit_fields, uniq_kirke
Lair:5:   layout_layer_cave, guppyfry_lair_drakes
Lair:6:   minmay_lair_end_frog_pond, layout_regular_city, slime_dummy,
          basic_altar, portal_ice_cave_entry_pillars_2, wad_woods_02,
          infiniplex_staircase_pool
Shoals:1: layout_shoals
Shoals:2: layout_shoals, serial_shops, shop, nzn_prometheus_bound
Shoals:3: layout_shoals, uniq_polyphemus
Shoals:4: shoals_end_grunt_ice, layout_shoals, shoals_ilsuiw_ice, uniq_roxanne
Snake:1:  layout_rooms, nicolae_snake_linked_coils, minmay_shop_star,
          serial_bayou_shore_a, uniq_donald, uniq_azrael
Snake:2:  layout_onion_interference, serial_shops, shop, grunt_ministairs_6
Snake:3:  layout_onion_interference, serial_shops, nicolae_shop_crystal, shop
Snake:4:  minmay_snake_end_coiled, layout_layer_cave, serial_shops,
          nicolae_shop_overgrown_old_shop, minmay_shop_mayhem
Orc:1:    layout_caves, okawaru_metal_pillars_1_2
Orc:2:    st_orc_town, layout_diamond_mine, uniq_jorgrun
Vaults:1: ontoclasm_vaults_shuriken, v_pattern_5, vaults_dpeg_encased_lava,
          v_rooms_5, ontoclasm_vaults_ligature,
          nicolae_vaults_twisting_passages, nicolae_vaults_mini_display_case,
          vaults_mumra_bighexcomb, v_misc_33,
          nicolae_vaults_stairing_the_circle, layout_vaults_omnibox,
          uniq_saint_roka
Vaults:2: vaults_room_hallway, nicolae_vaults_circle_grid_a,
          hangedman_vaults_stitches, grunt_vaults_diagonal, vaults_dpeg_spiral,
          ontoclasm_vaults_pinch, nicolae_vaults_little_squares_2,
          nicolae_vaults_triangles, vaults_room_glass_cross,
          nicolae_vaults_little_squares_5, layout_vaults_omnigrid, serial_shops,
          shop
Vaults:3: ontoclasm_vaults_eye, nicolae_vaults_theta,
          minmay_crypt_entry_simple_statues, nicolae_vaults_arrows,
          vaults_dpeg_ring, v_misc_24, nicolae_vaults_hallways_thing,
          ontoclasm_vaults_decontamination, vaults_room_stairs_pillars,
          v_misc_12, hangedman_vaults_river_flow, vaults_mumra_hexcomb,
          v_rooms_2, layout_vaults_omnicross, serial_shops, shop, uniq_margery

Skill      XL: |  1  2  3  4  5  6  7  8  9 10 11 12 13 14 15 16 17 18 |
---------------+-------------------------------------------------------+-----
Axes           | 4 5 7 8 9 10 12 13 14 16 17 18 19 20 | 20.0
Fighting       | 4 5 6 8 9 10 11 12 13 14 16 18 20 | 20.6
Armour         | 3 4 6 7 8 9 11 12 13 14 15 18 19 | 19.2
Shields        | 2 6 8 11 12 13 14 15 | 15.0
Dodging        | 5 7 9 10 | 10.0
Evocations     | 1 4 6 |  6.0

Action                   |  1- 3 |  4- 6 |  7- 9 | 10-12 | 13-15 | 16-18 || total
-------------------------+-------+-------+-------+-------+-------+-------++-------
Melee: Hand axe          |    65 |    59 |       |       |       |       ||   124
       Headbutt          |     6 |    23 |    41 |    78 |   190 |   298 ||   636
       Battleaxe         |       |    54 |   192 |   397 |   824 |  1231 ||  2698
       War axe           |       |       |    13 |       |       |       ||    13
       Great mace        |       |       |       |       |     4 |       ||     4
       Trident           |       |       |       |       |     1 |       ||     1
Invok: Berserk           |       |     2 |     3 |     9 |    18 |    19 ||    51
       Brothers in Arms  |       |       |       |     3 |       |     4 ||     7
       Trog's Hand       |       |       |       |     1 |     1 |     2 ||     4
Evoke: Wand              |       |       |       |       |       |     2 ||     2
  Use: Scroll            |       |     6 |     5 |     9 |    16 |     6 ||    42
       Potion            |       |       |       |     2 |     1 |     3 ||     6
 Stab: Distracted        |       |       |       |       |     1 |       ||     1
       Petrified         |       |       |       |       |       |     1 ||     1
Armor: Ring mail         |    18 |    11 |       |       |       |       ||    29
       Chain mail        |       |    42 |    42 |    10 |   534 |   569 ||  1197
       Plate armour      |       |       |    98 |   230 |       |   324 ||   652
Dodge: Dodged            |    40 |    51 |   109 |   232 |   463 |   672 ||  1567
Block: Kite shield       |       |       |     5 |       |       |       ||     5
       Other             |       |       |       |    37 |       |       ||    37

Table legend: (Time is in decaauts)
 A = Elapsed time spent in this place.
 B = Non-inter-level travel time spent in this place.
 C = Inter-level travel time spent in this place.
 D = Time resting spent in this place.
 E = Time spent auto-exploring this place.
 F = Levels seen in this place.
 G = Mean time per level.
                   A        B        C        D        E       F      G
               +--------+--------+--------+--------+--------+-----+--------+
         Total |  40402 |  37043 |   3359 |   8204 |  21617 |  37 | 1091.9 |
       Dungeon |  14639 |  12512 |   2127 |   1118 |   9668 |  15 |  975.9 |
          Lair |   8631 |   8116 |    515 |    517 |   6079 |   6 | 1438.5 |
        Shoals |   2554 |   2417 |    137 |   1130 |    238 |   4 |  638.5 |
     Snake Pit |  10102 |   9733 |    369 |   4266 |   3947 |   4 | 2525.5 |
  Orcish Mines |   2489 |   2359 |    130 |    762 |   1006 |   2 | 1244.5 |
        Vaults |    692 |    614 |     78 |    156 |    277 |   3 |  230.7 |
       Ossuary |    216 |    216 |      0 |      0 |    103 |   1 |  216.0 |
        Bailey |    789 |    789 |      0 |    160 |    281 |   1 |  789.0 |
       Volcano |    286 |    286 |      0 |     93 |     15 |   1 |  286.0 |
               +--------+--------+--------+--------+--------+-----+--------+

Top non-repeatable levels by time:
 Snake:2: 4820 daAuts
 Snake:4: 2651 daAuts
  Lair:3: 1779 daAuts
 Snake:1: 1775 daAuts
  Lair:4: 1649 daAuts
  Lair:6: 1579 daAuts
  Lair:1: 1523 daAuts
    D:15: 1488 daAuts
   Orc:2: 1447 daAuts
     D:2: 1340 daAuts
     D:4: 1223 daAuts
  Lair:5: 1199 daAuts
Shoals:4: 1127 daAuts
     D:1: 1126 daAuts
   Orc:1: 1041 daAuts
